 Dungeon Crawl Stone Soup version 0.30-a0-862-g1aabd4f9c5 (webtiles) character file.

Game seed: 8989768927486557380

1354 Jeffwins the Shooter (level 8, 0/60 HPs)
             Began as a Human Wanderer on Mar 9, 2023.
             Slain by Maggie
             ... wielding a +2 scimitar of flaming
              (2 damage)
             ... on level 6 of the Dungeon.
             The game lasted 00:11:50 (6120 turns).

Jeffwins the Shooter (Human Wanderer)               Turns: 6120, Time: 00:11:50

Health: 0/60       AC:  6    Str: 12    XL:     8   Next: 95%
Magic:  7/11       EV: 10    Int: 13    God:
Gold:   22         SH:  0    Dex: 15    Spells: 2/12 levels left

rFire   . . .      SeeInvis +    a - +4 sling
rCold   . . .      Faith    .    (no shield)
rNeg    . . .      Spirit   .    d - +0 leather armour
rPois   +          Reflect  .    (no helmet)
rElec   +          Rampage  .    b - +0 cloak
rCorr   .                        (no gloves)
Will    .....                    p - +0 pair of boots
Stlth   ++                       (no amulet)
HPRegen 0.30/turn                v - ring of see invisible
MPRegen 0.12/turn                P - ring of poison resistance

@: no status effects
A: shaggy fur 1, electricity resistance
a: no special abilities


You were on level 6 of the Dungeon.
You visited 1 branch of the dungeon, and saw 6 of its levels.

You collected 162 gold pieces.
You spent 140 gold pieces at shops.


Innate Abilities, Weirdness & Mutations

You are covered in fur. (AC +1)
You are resistant to electric shocks. (rElec)


   Skills:
 - Level 4.0 Fighting
 * Level 5.8 Ranged Weapons
 - Level 1.0 Armour
 + Level 4.2 Stealth
 + Level 2.5 Spellcasting
 * Level 4.4 Conjurations
 * Level 1.3 Summonings
 + Level 1.1 Translocations
 * Level 4.3 Fire Magic
 * Level 1.6 Air Magic
 + Level 2.0 Evocations


You had 2 spell levels left.
You knew the following spells:

 Your Spells              Type           Power      Damage    Failure   Level
l - Summon Lightning Spi  Summ/Air       5%         N/A       86%         4
z - Sticky Flame          Conj/Fire      13%        2d4       45%         4
I - Blink                 Tloc           8%         N/A       30%         2

Your spell library contained the following spells:

 Spells                   Type           Power      Damage    Failure   Level
 Magic Dart               Conj           52%        1d5       4%          1
 Searing Ray              Conj           26%        2d5       8%          2
 Momentum Strike          Conj/Tloc      16%        3d8       14%         2
 Lesser Beckoning         Tloc           8%         N/A       30%         2
 Kindle Blastsparks       Fire/Tloc/Air  14%        2d11      34%         3
 Hailstorm                Conj/Ice       7%         3d4       36%         3
 Inner Flame              Hex/Fire       7%         N/A       36%         3
 Flame Wave               Conj/Fire      13%        2d6       45%         4
 Iskenderun's Mystic Bla  Conj/Tloc      8%         2d4       67%         4
 Fulminant Prism          Conj/Hex       3%         3d5       77%         4
 Ice Form                 Ice/Tmut       1%         N/A       97%         4
 Lee's Rapid Deconstruct  Erth           0%         3d4*      100%        5
 Simulacrum               Ice/Necr       0%         N/A       100%        6
 Storm Form               Tmut/Air       1%         N/A       100%        7
 Maxwell's Capacitive Co  Air            2%         ∞         100%        8

Inventory:

Hand Weapons
 a - a +4 sling (weapon)
Missiles
 k - 4 javelins
Armour
 b - a +0 cloak (worn)
 d - a +0 leather armour (worn)
 p - a +0 pair of boots (worn)
Magical Staves
 t - a staff of cold
 w - a staff of conjuration {!a}
Jewellery
 v - a ring of see invisible (left hand)
 P - a ring of poison resistance (right hand)
Wands
 q - a wand of roots (1)
Scrolls
 f - 2 scrolls of identify {@r1}
 g - 3 scrolls of fog
 i - 2 scrolls of enchant weapon
 j - a scroll of poison {!r}
 l - a scroll of amnesia
 m - 3 scrolls of summoning
 o - a scroll of blinking
 r - a scroll of immolation {!r}
 u - a scroll of silence {!r}
 y - a scroll of magic mapping
 z - a scroll of enchant armour
 A - a scroll of fear
 B - a scroll of torment {unknown}
Potions
 c - 2 potions of brilliance
 e - 2 potions of curing {@q1}
 h - 2 potions of magic
 n - a potion of flight
 s - a potion of resistance
 x - 3 potions of mutation {!q}
 C - a potion of heal wounds {@q2}

Dungeon Overview and Level Annotations

Branches:
Dungeon (6/15)
 Temple: D:4-7

Altars:
Vehumet
Wu Jian

Shops:
D:3 !([

Annotations:
D:5 3 runed translucent doors, qeuew's ghost, novice FoFi
D:6 Edmund; Maggie

#....# #....# #### ..
#.. ... ..# #..#
###############.##..#.
.....................
. ######..##.#.#...#
#.# #
#..#......).#...#.
#.."#.@#....#........#
#...@.....##..##....
#...#..#.##.##..# .#
....##.......##....
.### #.......###.###
........# .#
##.......# .#
.(......# .# ... ....#


You could see Maggie (burning).


Message History

Unknown command.
You shoot a sling bullet.
The sling bullet hits Maggie but does no damage.
Maggie is moderately wounded.
Maggie burns!
Maggie hits you with a +2 scimitar of flaming.
* * * LOW HITPOINT WARNING * * *
Maggie burns you.
* * * LOW HITPOINT WARNING * * *
You shoot a sling bullet. The sling bullet hits Maggie.
Maggie is heavily wounded.
Maggie burns!
Maggie casts a spell at you. The bolt of fire hits you.
* * * LOW HITPOINT WARNING * * *
Unknown command.
You shoot a sling bullet.
The sling bullet hits Maggie but does no damage.
Maggie is heavily wounded.
Maggie burns! x2
Maggie points at you and mumbles some strange words.
The bolt of fire hits you!
* * * LOW HITPOINT WARNING * * *
You shoot a sling bullet. The sling bullet hits Maggie.
Maggie is severely wounded.
Maggie burns!
Maggie hits you with a +2 scimitar of flaming.
* * * LOW HITPOINT WARNING * * *
Maggie burns you.
You die...

Skill      XL: |  1  2  3  4  5  6  7  8 |
---------------+-------------------------+-----
Conjurations   | 1 2 3 4 |  4.4
Fire Magic     | 1 2 3 4 |  4.3
Ranged Weapons | 4 5 |  5.8
Stealth        | 3 4 |  4.2
Spellcasting   | 1 2 |  2.5
Evocations     | 1 2 |  2.0
Air Magic      | 1 |  1.6
Summonings     | 1 |  1.3
Translocations | 1 |  1.1
Fighting       | |  4.0
Armour         | |  1.0

Action                     |  1- 3 |  4- 6 |  7- 9 || total
---------------------------+-------+-------+-------++-------
   Fire: Sling             |    85 |   173 |   218 ||   476
   Cast: Blink             |       |       |     1 ||     1
         Sticky Flame      |       |       |     1 ||     1
  Evoke: Wand              |       |       |     5 ||     5
    Use: Potion            |     3 |     1 |     2 ||     6
         Scroll            |       |     2 |    13 ||    15
 Armour: Leather armour    |    10 |    37 |    33 ||    80
  Dodge: Dodged            |    27 |    53 |    66 ||   146

Levels and vault maps discovered:
D:1:      dpeg_arrival_rhombi, layout_basic
D:2:      layout_basic, nicolae_ecumenical_snake_handling, minmay_surrounded,
          uniq_terence
D:3:      minmay_thinvault, layout_basic, gammafunk_ghost_necromancy,
          serial_shops, shop, nicolae_shop_hallway_stairs, shop_statue
D:4:      layout_basic, uniq_eustachio
D:5:      layout_layer_cave, nicolae_overflow_hidden_temple,
          ebering_ghost_rock_garden
D:6:      layout_loops_cross, minmay_temple_entry_grid, serial_rivers,
          chequers_serial_rivers_room_a, chequers_serial_rivers_room_b,
          chequers_serial_rivers_micro_c, chequers_serial_rivers_micro_c,
          chequers_serial_rivers_micro_e, chequers_serial_rivers_room_a,
          roderic_serpentine_path, uniq_maggie, uniq_edmund

Notes
Turn   | Place    | Note
-------+----------+-------------------------------------------
     0 | D:1      | Jeffwins the Human Wanderer began the quest for the Orb.
     0 | D:1      | Jeffwins set off with the following items: a +3 sling, a +0
                  | cloak, a potion of mutation {!q}, a +0 leather armour.
     0 | D:1      | Reached XP level 1. HP: 19/19 MP: 1/1
     0 | D:1      | Gained mutation: You are resistant to electric shocks.
                  | (rElec) [potion of mutation]
     0 | D:1      | Gained mutation: You are covered in fur. (AC +1) [potion of
                  | mutation]
   317 | D:1      | Reached XP level 2. HP: 25/25 MP: 2/2
   729 | D:1      | Reached XP level 3. HP: 30/30 MP: 3/3
  1109 | D:2      | Reached skill level 1 in Conjurations
  1119 | D:2      | Noticed Terence
  1136 | D:2      | Identified a potion of resistance
  1142 | D:2      | Killed Terence
  1143 | D:2      | Reached skill level 1 in Fire Magic
  1143 | D:2      | Reached XP level 4. HP: 33/37 MP: 4/4
  1172 | D:2      | Found a faded altar of an unknown god.
  1731 | D:3      | Reached skill level 4 in Ranged Weapons
  1829 | D:3      | Reached XP level 5. HP: 39/42 MP: 5/5
  1866 | D:3      | Found a runed translucent gate.
  1866 | D:3      | Found a runed translucent gate.
  1866 | D:3      | Found a runed translucent gate.
  1873 | D:3      | Noticed ProzacElf's ghost (amateur DjRe)
  2112 | D:3      | Found Tiexeofae's Distillery.
  2124 | D:3      | Bought a potion of heal wounds for 70 gold pieces
  2160 | D:3      | Reached skill level 3 in Stealth
  2176 | D:3      | Reached skill level 2 in Conjurations
  2247 | D:3      | Found Xofym's Armour Emporium.
  2289 | D:3      | Reached skill level 2 in Fire Magic
  2289 | D:3      | Reached XP level 6. HP: 46/48 MP: 5/7
  2565 | D:3      | Reached skill level 1 in Spellcasting
  2682 | D:3      | Learned a level 4 spell: Sticky Flame
  2695 | D:3      | Found Xubaumam's Weapon Boutique.
  2820 | D:3      | Killed ProzacElf's ghost
  2843 | D:3      | Reached skill level 3 in Conjurations
  2843 | D:3      | Reached XP level 7. HP: 42/54 MP: 7/9
  2956 | D:4      | Reached skill level 3 in Fire Magic
  3096 | D:4      | Reached skill level 5 in Ranged Weapons
  3231 | D:4      | Reached skill level 1 in Evocations
  3247 | D:4      | Reached XP level 8. HP: 10/60 MP: 10/10
  3745 | D:4      | Noticed Eustachio
  3758 | D:4      | Killed Eustachio
  3759 | D:4      | Reached skill level 2 in Spellcasting
  3759 | D:4      | Reached skill level 4 in Conjurations
  4099 | D:4      | Learned a level 2 spell: Blink
  4250 | D:5      | Entered Level 5 of the Dungeon
  4256 | D:5      | Reached skill level 4 in Stealth
  4267 | D:5      | Learned a level 4 spell: Summon Lightning Spire
  4375 | D:5      | Reached skill level 4 in Fire Magic
  4513 | D:5      | Found an ornate altar of the Wu Jian Council.
  4605 | D:5      | Reached skill level 1 in Air Magic
  4727 | D:5      | Found a runed translucent gate.
  4727 | D:5      | Found a runed translucent gate.
  4727 | D:5      | Found a runed translucent gate.
  4728 | D:5      | Noticed qeuew's ghost (novice FoFi)
  4764 | D:5      | Found a radiant altar of Vehumet.
  4983 | D:3      | Bought a potion of heal wounds for 70 gold pieces
  5023 | D:5      | Reached skill level 1 in Summonings
  5770 | D:6      | Noticed Maggie
  5774 | D:6      | Reached skill level 1 in Translocations
  5807 | D:6      | Noticed Edmund
  5961 | D:6      | Reached skill level 2 in Evocations
  6119 | D:6      | HP: 6/60 [Maggie/bolt of fire (12)]
  6120 | D:6      | HP: 2/60 [Maggie/+2 scimitar of flaming (5)]
  6120 | D:6      | Slain by Maggie

Vanquished Creatures
  Eustachio (D:4)
  An ice beast (D:5)
  3 ogres
  The ghost of ProzacElf the Slasher, an amateur DjRe (D:3)
  A gnoll sergeant (D:4)
  A scorpion (D:5)
  A water moccasin skeleton (D:3)
  A bullfrog zombie (D:3)
  2 orc priests (D:3)
  2 hounds (D:5)
  A jelly (D:4)
  3 iguanas
  Terence (D:2)
  A sleepcap (D:5)
  4 gnolls (D:4)
  2 howler monkey skeletons (D:3)
  9 adders
  A white imp (D:5)
  2 worms
  4 dart slugs
  15 orcs
  7 ball pythons
  6 endoplasms
  9 giant cockroaches
  8 goblins
  8 hobgoblins
  2 jackals (D:1)
  6 kobolds
  3 quokkas
  11 bats
  6 frilled lizards
  4 rats
127 creatures vanquished.

Vanquished Creatures (others)
  A scorpion (D:5)
1 creature vanquished.

Grand Total: 128 creatures vanquished

Table legend: (Time is in decaauts)
 A = Elapsed time spent in this place.
 B = Non-inter-level travel time spent in this place.
 C = Inter-level travel time spent in this place.
 D = Time resting spent in this place.
 E = Time spent auto-exploring this place.
 F = Levels seen in this place.
 G = Mean time per level.
                   A        B        C        D        E       F      G
               +--------+--------+--------+--------+--------+-----+--------+
         Total |   6220 |   5797 |    423 |    138 |   4711 |   6 | 1036.7 |
       Dungeon |   6220 |   5797 |    423 |    138 |   4711 |   6 | 1036.7 |
               +--------+--------+--------+--------+--------+-----+--------+

Top non-repeatable levels by time:
     D:5: 1735 daAuts
     D:4: 1396 daAuts
     D:3: 1296 daAuts
     D:1: 967 daAuts
     D:2: 757 daAuts
     D:6: 67 daAuts

Table legend:
 A = Non-vault XP
 B = Vault XP
 C = Vault XP percentage of total XP
 D = Non-vault monster count
 E = Vault monster count
 F = Vault count percentage of total count
                 A         B        C        D         E       F
            +---------+---------+-------+---------+---------+-------
      Total |    1398 |     537 |  27.8 |      95 |      33 |  25.8
            +---------+---------+-------+---------+---------+-------
        D:1 |      32 |       0 |   0.0 |      19 |       0 |   0.0
        D:2 |      37 |      47 |  56.0 |      12 |       9 |  42.9
        D:3 |     157 |     302 |  65.8 |      25 |      23 |  47.9
        D:4 |     505 |     188 |  27.1 |      19 |       1 |   5.0
        D:5 |     532 |       0 |   0.0 |      18 |       0 |   0.0
        D:6 |     135 |       0 |   0.0 |       2 |       0 |   0.0
            +---------+---------+-------+---------+---------+-------
